 Dungeon Crawl Stone Soup version 0.30.0-19-g36f170ea60 (webtiles) character file.

Game seed: 13683912664335774474

149534 wingedge the Thaumaturge (level 18, -3/134 HPs)
             Began as a Human Wanderer on May 30, 2023.
             Was the Champion of Vehumet.
             Slain by a pharaoh ant (30 damage)
             ... on level 2 of the Spider Nest.
             The game lasted 02:50:09 (29464 turns).

wingedge the Thaumaturge (Human Wanderer)          Turns: 29464, Time: 02:50:09

Health: -3/134     AC: 23    Str: 18    XL:     18   Next: 14%
Magic:  34/35      EV: 14    Int: 22    God:    Vehumet [******]
Gold:   1385       SH:  0    Dex: 12    Spells: 0/44 levels left

rFire   . . .        a - staff of earth
rCold   + + +        q - orb of Muedwicu {*channel, rElec rPois Int-2}
rNeg    . . .        B - +4 skin of Zhor {*Englaciate rC+++ SInv}
rPois   +            o - +0 helmet
rElec   +            e - scarf "Ximehop" {repulsion, Str+2 Int+6}
rCorr   .            x - +2 pair of gloves {infuse}
SInv    +            w - +2 pair of boots
Will    ++...        r - amulet of magic regeneration
Stlth   +++          V - ring of wizardry
HPRegen 0.42/turn    s - ring of willpower
MPRegen 0.64/turn

%: repel missiles, wizardry (x1), channel magic (20%), infuse magic (1 MP)
@: ice-armoured, about to teleport, spiked, hasted, very quick
A: no striking features
a: Renounce Religion


You were on level 2 of the Spider Nest.
You worshipped Vehumet.
Vehumet was exalted by your worship.
You visited 5 branches of the dungeon, and saw 25 of its levels.
You also visited: Bailey and Ice Cave.

You collected 3042 gold pieces.
You spent 1657 gold pieces at shops.

Inventory:

Hand Weapons
 b - the +6 shillelagh "Devastator" {shatter}
   (You found it on level 12 of the Dungeon)
 c - a +2 broad axe of flaming
Missiles
 O - a throwing net (quivered)
Armour
 e - the scarf "Ximehop" (worn) {repulsion, Str+2 Int+6}
   (You acquired it on level 8 of the Dungeon)

   Str:       It affects your strength (+2).
   Int:       It affects your intelligence (+6).
 o - a +0 helmet (worn)
 q - the orb of Muedwicu (worn) {*channel, rElec rPois Int-2}
   (You bought it in a shop on level 2 of the Orcish Mines)

   Int:       It affects your intelligence (-2).
   rElec:     It insulates you from electricity.
   rPois:     It protects you from poison.
 w - a +2 pair of boots (worn)
 x - a +2 pair of gloves of infusion (worn)
 B - the +4 skin of Zhor (worn) {*Englaciate rC+++ SInv}
   (You found it in an ice cave)

   *Englaciate: It radiates cold, occasionally slowing all nearby creatures who
   are not resistant to cold.
   rC:        It renders you almost immune to cold.
   SInv:      It lets you see invisible.
 C - a +1 robe of resistance
 L - a +2 buckler
 R - a +1 ring mail of willpower
 S - a +2 robe of the Archmagi
Magical Staves
 a - a staff of earth (weapon)
Jewellery
 r - an amulet of magic regeneration (around neck)
 s - a ring of willpower (right hand)
 y - a ring of protection from cold
 z - a +4 ring of protection
 E - a ring of magical power
 N - a ring of ice
 V - a ring of wizardry (left hand)
Wands
 j - a wand of polymorph (9)
 G - a wand of paralysis (22)
 X - a wand of light (23)
Scrolls
 d - 2 scrolls of enchant weapon
 i - 12 scrolls of teleportation
 k - a scroll of torment
 p - 3 scrolls of fog
 u - 4 scrolls of magic mapping
 H - a scroll of amnesia
 I - 4 scrolls of brand weapon
 P - a scroll of blinking
 Q - 7 scrolls of fear
 T - 2 scrolls of summoning
Potions
 f - 10 potions of curing
 g - a potion of ambrosia
 h - 4 potions of brilliance
 l - 2 potions of magic
 m - 3 potions of berserk rage
 n - 4 potions of resistance
 t - 10 potions of might
 v - 7 potions of invisibility
 A - 8 potions of flight
 F - 4 potions of attraction {unknown}
 K - 6 potions of haste
 M - 2 potions of cancellation
 W - 4 potions of mutation
Miscellaneous
 D - a phial of floods


   Skills:
 + Level 9.9 Fighting
 - Level 4.0 Throwing
 + Level 5.9 Armour
 + Level 5.7 Dodging
 - Level 5.0 Stealth
 - Level 5.0 Shields
 - Level 1.0 Unarmed Combat
 + Level 13.8 Spellcasting
 + Level 12.6 Conjurations
 + Level 11.9 Summonings
 - Level 6.0 Necromancy
 - Level 4.0 Transmutations
 + Level 7.4 Ice Magic
 - Level 6.0 Air Magic
 - Level 10.0 Earth Magic
 - Level 6.4 Poison Magic
 - Level 1.0 Evocations


You couldn't memorise any spells.
You knew the following spells:

 Your Spells              Type           Power      Damage    Failure   Level
a - Iron Shot             Conj/Erth      39%        9d8       2%          6
b - Ozocubu's Refrigerat  Ice            23%        4d12      26%         7
c - Irradiate             Conj/Tmut      25%        3d20      1%          5
d - Sandblast             Erth           100%       2d20      1%          1
e - Spellforged Servitor  Conj/Summ      31%        N/A       5%          7
f - Iskenderun's Battles  Conj           63%        2d11      1%          5
g - Ozocubu's Armour      Ice            47%        N/A       1%          3
h - Freezing Cloud        Conj/Ice/Air   26%        6-21      1%          5
i - Lee's Rapid Deconstr  Erth           36%        3d18*     1%          5

Your spell library contained the following spells:

 Spells                   Type           Power      Damage    Failure   Level
 Shatter                  Erth           36%        3d29*     99%         9
 Fire Storm               Conj/Fire      21%        8d6       100%        9
 Polar Vortex             Ice            23%        N/A       100%        9
 Necrotise                Necr           100%       1d9       1%          1
 Shock                    Conj/Air       100%       1d9       1%          1
 Sting                    Tmut/Pois      100%       1d8       1%          1
 Cigotuvi's Dreadful Rot  Necr/Pois/Air  84%        N/A       1%          2
 Poisonous Vapours        Pois/Air       84%        N/A       1%          2
 Static Discharge         Conj/Air       100%       2-7/arc   1%          2
 Dazzling Flash           Conj/Hex       86%        N/A       1%          3
 Mephitic Cloud           Conj/Pois/Air  51%        N/A       1%          3
 Airstrike                Air            20%        2d(3-19)  1%          4
 Fulminant Prism          Conj/Hex       21%        3d12      1%          4
 Iskenderun's Mystic Bla  Conj/Tloc      43%        2d10      1%          4
 Olgreb's Toxic Radiance  Pois           43%        N/A       1%          4
 Summon Guardian Golem    Hex/Summ       41%        N/A       2%          3
 Swiftness                Air            41%        N/A       2%          3
 Vampiric Draining        Necr           41%        2d8       2%          3
 Volatile Blastmotes      Fire/Tloc      30%        2d12      3%          3
 Animate Dead             Necr           41%        N/A       4%          4
 Orb of Destruction       Conj           31%        9d10      4%          7
 Slow                     Hex            60%        N/A       5%          1
 Borgnjor's Vile Clutch   Necr/Erth      33%        N/A       5%          5
 Leda's Liquefaction      Hex/Erth       27%        N/A       6%          4
 Summon Cactus Giant      Summ           30%        N/A       6%          6
 Lesser Beckoning         Tloc           30%        N/A       7%          2
 Agony                    Necr           41%        N/A       10%         5
 Summon Forest            Summ/Tloc      20%        N/A       10%         5
 Summon Mana Viper        Hex/Summ       41%        N/A       10%         5
 Starburst                Conj/Fire      21%        6d7       10%         6
 Confusing Touch          Hex            15%        N/A       12%         3
 Gell's Gravitas          Tloc           15%        N/A       12%         3
 Teleport Other           Tloc           15%        N/A       12%         3
 Anguish                  Hex/Necr       14%        N/A       12%         4
 Metabolic Englaciation   Hex/Ice        15%        N/A       21%         5
 Statue Form              Tmut/Erth      41%        N/A       26%         6
 Simulacrum               Ice/Necr       22%        N/A       28%         6
 Death Channel            Necr           20%        N/A       36%         6


Dungeon Overview and Level Annotations

Branches:
Dungeon (15/15)            Temple (1/1) D:6            Lair (5/5) D:10
 Shoals (0/4) Lair:3       Spider (2/4) Lair:3        Slime (0/5) Lair:5
    Orc (2/2) D:12            Elf (0/3) Orc:2        Vaults (0/5) D:13
 Depths (0/4) D:15         Bailey (visited)           IceCv (visited)

Altars:
Ashenzari
Cheibriados
Dithmenos
Elyvilon
Fedhas
Gozag
Hepliaklqana
Kikubaaqudgha
Makhleb
Nemelex Xobeh
Okawaru
Qazlal
Ru
Sif Muna
Trog
Uskayaw
Vehumet
Wu Jian
Xom
Yredelemnul
Zin
The Shining One
Jiyva

Shops:
D:6 !   D:11 ?   D:13 *?   D:14 !   D:15 (   Orc:2 (=[*

Annotations:
Spider:2 Arachne


Message History

The emperor scorpion stings your spellforged servitor!
The emperor scorpion claws your spellforged servitor but does no damage.
The emperor scorpion claws your spellforged servitor.
Your spellforged servitor gestures at the emperor scorpion while chanting.
The iron shot hits the emperor scorpion!!!
Your spellforged servitor struggles to get unstuck from the web.
You feel much better.
Something pounces on your spellforged servitor.
Something bites your spellforged servitor.
The culicivora bites you but does no damage.
The steelbarb worm hits you but does no damage.
The emperor scorpion stings your spellforged servitor.
The emperor scorpion claws your spellforged servitor but does no damage.
The emperor scorpion claws your spellforged servitor.
A jumping spider comes into view.
Something pounces on your spellforged servitor.
Something bites your spellforged servitor.
You feel yourself speed up. The culicivora completely misses you.
The steelbarb worm barely misses you.
The emperor scorpion stings your spellforged servitor!!
Your spellforged servitor is destroyed!
Your spellforged servitor disappears in a puff of smoke!
The jumping spider leaps!
The culicivora bites you.
* * * LOW HITPOINT WARNING * * *
The culicivora draws strength from your injuries!
The steelbarb worm hits you but does no damage.
Okay, then.
As you read the scroll of teleportation, it crumbles to dust.
You feel strangely unstable.
The jumping spider leaps!
The culicivora bites you!
* * * LOW HITPOINT WARNING * * *
The culicivora draws strength from your injuries!
You feel much better. The steelbarb worm hits you!
* * * LOW HITPOINT WARNING * * *
Barbed spikes become lodged in your body.
The culicivora bites you!
* * * LOW HITPOINT WARNING * * *
The culicivora draws strength from your injuries!
The pharaoh ant bites you!!
You die...

.##<#.°s#...#~#.^#
### .#s#.ss.○...~#~#
.... ..###†[#####≈≈#
....#
....#s†°.....≈##
...#...#.#.s#†...###
.^.##.#≈#ss#..#..####
#..###~ss##..†^###[#
#s.wB.##.#...#.†....
.#@s##~...#.#......
##...##..###.#9..#
##^..#....#~#.#..
#.†#.##../~~###..
#..####..##...... ##.
#...##..... ..
##≈##~.#.#. ..
≈≈######## .## ≈##


You could see an emperor scorpion, a steelbarb worm, a culicivora, a pharaoh
ant, 2 jumping spiders and 3 redbacks.

Vanquished Creatures
  Jorgrun (D:12)
  A sphinx (D:12)
  A war gargoyle (D:13)
  Azrael (D:15)
  A dire elephant (D:15)
  Josephine (D:12)
  An ettin (D:12)
  3 fire dragons
  The ghost of fleet the Covert, a journeyman KoBr of Uskayaw (D:13)
  An entropy weaver (Spider:2)
  A jorogumo (Spider:1)
  4 hydras
  A catoblepas (Lair:3)
  3 ogre magi
  A vault guard (D:13)
  A death knight (D:12)
  A radroach (Spider:1)
  9 two-headed ogres
  A dancing weapon (Lair:1)
  6 death yaks (Lair:5)
  7 boulder beetles
  6 centaur warriors
  A tengu warrior (D:15)
  A vampire mage (Lair:4)
  The ghost of Kaece the Destroyer, a novice TeFE of Vehumet (Lair:1)
  2 skysharks (Lair:5)
  Sonja (Lair:3)
  A skeletal warrior (D:12)
  A sun moth (Spider:2)
  A swamp dragon (Lair:5)
  3 orb spiders
  2 steelbarb worms
  A phantasmal warrior (D:12)
  2 orc sorcerers (Orc:2)
  A deep elf zephyrmancer (Bailey)
  3 orc knights
  3 deep elf pyromancers
  17 ugly things
  4 wolf spiders
  3 cyclopes
  8 manticores
  11 elephants
  3 demonic crawlers (Spider:1)
  15 gargoyles
  Maurice (Orc:2)
  2 black mambas
  3 torpor snails
  2 ice statues (IceCv)
  6 cane toads
  3 rime drakes
  8 komodo dragons
  6 ice devils (IceCv)
  4 unseen horrors
  6 kobold demonologists
  2 freezing wraiths (D:12)
  A queen bee (shapeshifter) (Spider:1)
  4 trolls
  6 meliai
  12 polar bears
  7 tarantellas
  A nameless horror (D:14)
  A wind drake (Lair:3)
  A raiju (Lair:5)
  10 blink frogs
  4 dream sheep (Lair:5)
  17 slime creatures
  10 jumping spiders
  2 shadows
  A vampire (D:12)
  4 culicivoras
  2 wyverns
  78 yaks
  A dire elephant simulacrum (IceCv)
  4 basilisks
  10 wraiths
  4 fire elementals (D:15)
  A human (Lair:4)
  13 vampire mosquitoes
  16 redbacks
  7 wargs
  4 steam dragons
  Edmund (D:4)
  13 water moccasins
  15 hell hounds
  5 acid dragons
  21 orc warriors
  2 swamp drakes (Lair:5)
  2 ice beasts
  3 sky beasts (D:7)
  11 black bears (Lair:5)
  10 ogres
  26 wolves
  9 centaurs
  2 phantoms (D:7)
  10 kobold brigands
  9 bullfrogs
  A gnoll sergeant (D:8)
  4 scorpions
  2 cane toad simulacra (IceCv)
  3 two-headed ogre simulacra (IceCv)
  28 killer bees
  3 elephant simulacra (IceCv)
  8 electric eels
  8 howler monkeys
  12 orc priests
  3 hounds
  A gnoll bouda (D:9)
  5 jellies
  10 iguanas
  3 sleepcaps
  17 orc wizards
  A polar bear simulacrum (IceCv)
  2 spriggan simulacra (IceCv)
  A troll simulacrum (IceCv)
  A wolf simulacrum (IceCv)
  9 gnolls
  4 adders
  A naga simulacrum (IceCv)
  2 white imps (IceCv)
  4 ufetubi (IceCv)
  5 worms
  A dart slug (D:4)
  67 orcs
  5 ball pythons
  7 endoplasms
  5 giant cockroaches
  7 goblins
  8 hobgoblins
  3 jackals (D:2)
  8 quokkas
  4 bats
  A frilled lizard (D:3)
  17 kobolds
  13 rats
825 creatures vanquished.

Vanquished Creatures (collateral kills)
  A ghost moth (Spider:1)
  An orc warlord (Orc:2)
  A reaper (IceCv)
  The ghost of wingedge the Martial Artist, a journeyman DgWn (Orc:2)
  A hydra (D:15)
  A jorogumo (Spider:1)
  A radroach (Spider:1)
  2 orc high priests
  A steelbarb worm (Spider:1)
  An orb spider (Spider:1)
  A deep elf pyromancer (D:15)
  2 orc knights (Orc:2)
  5 ugly things
  An orc sorcerer (Orc:2)
  5 wolf spiders (Spider:1)
  A demonic crawler (Spider:1)
  A kobold demonologist (D:13)
  A freezing wraith (D:14)
  An ice devil (IceCv)
  A troll (Orc:1)
  7 tarantellas
  8 slime creatures
  14 jumping spiders
  2 culicivoras (Spider:1)
  A fire elemental (D:15)
  2 yaks (D:8)
  7 redbacks
  A warg (Orc:2)
  A hell hound (D:15)
  13 orc warriors
  A centaur (D:15)
  A kobold brigand (D:13)
  5 orc priests
  2 orc wizards (Orc:2)
  8 orcs
103 creatures vanquished.

Grand Total: 928 creatures vanquished

Notes
Turn   | Place    | Note
-------+----------+-------------------------------------------
     0 | D:1      | wingedge the Human Wanderer began the quest for the Orb.
     0 | D:1      | wingedge set off with the following items: a +0 dagger, 8
                  | boomerangs, a scroll of teleportation, a potion of
                  | lignification, a +0 leather armour; and the following spell
                  | memorised: Necrotise; and the following spells available to
                  | memorise: Cigotuvi's Dreadful Rot, Anguish.
     0 | D:1      | Reached XP level 1. HP: 13/13 MP: 3/3
   200 | D:1      | Reached XP level 2. HP: 19/19 MP: 0/5
   509 | D:1      | Reached skill level 1 in Fighting
   884 | D:1      | Reached XP level 3. HP: 26/26 MP: 1/6
  1466 | D:2      | Reached XP level 4. HP: 32/32 MP: 0/7
  1951 | D:2      | Reached XP level 5. HP: 40/40 MP: 5/8
  2255 | D:3      | Reached skill level 1 in Stealth
  2341 | D:3      | Found a shimmering altar of Xom.
  2355 | D:3      | Found a shadowy altar of Dithmenos.
  2544 | D:3      | Found a radiant altar of Vehumet.
  2549 | D:3      | Became a worshipper of Vehumet
  2615 | D:3      | Reached skill level 1 in Armour
  3701 | D:4      | Noticed Edmund
  3750 | D:4      | Killed Edmund
  3751 | D:4      | Reached skill level 3 in Spellcasting
  3751 | D:4      | Reached XP level 6. HP: 8/47 MP: 0/10
  4097 | D:4      | Reached XP level 7. HP: 51/52 MP: 11/11
  4480 | D:4      | Learned a level 2 spell: Poisonous Vapours
  4629 | D:5      | Entered Level 5 of the Dungeon
  4639 | D:5      | Reached skill level 1 in Air Magic
  4639 | D:5      | Reached skill level 1 in Poison Magic
  4651 | D:5      | Learned a level 2 spell: Cigotuvi's Dreadful Rot
  4745 | D:5      | Found a hazy altar of Hepliaklqana.
  5128 | D:5      | Reached * piety under Vehumet
  5128 | D:5      | Offered knowledge of Sandblast by Vehumet.
  5160 | D:5      | Reached XP level 8. HP: 49/52 MP: 1/12
  5505 | D:5      | Learned a level 1 spell: Sandblast
  5689 | D:6      | Found a staircase to the Ecumenical Temple.
  5695 | Temple   | Entered the Ecumenical Temple
  5705 | D:6      | Noticed a yak
  5707 | D:6      | Noticed a yak
  5713 | D:6      | Noticed a yak
  5972 | D:6      | Reached skill level 1 in Earth Magic
  6212 | D:6      | Found a broken altar of Ashenzari.
  6366 | D:6      | Found Kon Sud's Distillery.
  6414 | D:6      | Learned a level 3 spell: Vampiric Draining
  6422 | D:6      | Bought a potion of invisibility for 96 gold pieces
  6422 | D:6      | Bought a potion of heal wounds for 60 gold pieces
  6422 | D:6      | Bought a potion of haste for 120 gold pieces
  6486 | D:6      | Reached skill level 4 in Spellcasting
  6620 | D:6      | Killed a yak
  6621 | D:6      | Reached skill level 1 in Conjurations
  6639 | D:6      | Killed a yak
  6640 | D:6      | Reached XP level 9. HP: 58/64 MP: 15/15
  6669 | D:6      | Learned a level 3 spell: Mephitic Cloud
  6963 | D:6      | HP: 2/64 [something (8)]
  7171 | D:6      | Bought a potion of heal wounds for 60 gold pieces
  7188 | D:7      | Reached skill level 1 in Shields
  7349 | D:7      | Found a bloodstained altar of Trog.
  7407 | D:7      | Reached skill level 5 in Necromancy
  7434 | D:7      | Reached ** piety under Vehumet
  7434 | D:7      | Offered knowledge of Scorch by Vehumet.
  7544 | D:7      | Reached skill level 5 in Spellcasting
  7667 | D:6      | Bought a potion of heal wounds for 60 gold pieces
  8288 | D:8      | Reached XP level 10. HP: 71/71 MP: 14/17
  8293 | D:8      | Found a flagged portal.
  8448 | Bailey   | Entered a bailey
  8716 | Bailey   | Noticed an orc knight
  8726 | Bailey   | Reached skill level 6 in Spellcasting
  8729 | Bailey   | Killed an orc knight
  8730 | Bailey   | Reached skill level 5 in Air Magic
  8786 | Bailey   | Found a large runed translucent door.
  8786 | Bailey   | Found a large runed translucent door.
  8787 | Bailey   | Noticed a deep elf zephyrmancer
  8846 | Bailey   | Killed a deep elf zephyrmancer
  8847 | Bailey   | Reached skill level 5 in Poison Magic
  9028 | D:8      | Identified 2 scrolls of acquirement
  9028 | D:8      | Acquired a book of Blasting
  9219 | D:8      | Offered knowledge of Static Discharge by Vehumet.
  9258 | D:8      | Noticed a four-headed hydra
  9264 | D:8      | Noticed a centaur warrior
  9265 | D:8      | Acquired the scarf "Ximehop" {repulsion, Str+2 Int+6}
  9315 | D:8      | Killed a centaur warrior
  9316 | D:8      | Reached skill level 5 in Fighting
  9316 | D:8      | Reached skill level 1 in Ice Magic
  9316 | D:8      | Reached XP level 11. HP: 78/79 MP: 20/21
  9337 | D:8      | Learned a level 2 spell: Static Discharge
  9402 | D:8      | Killed a four-headed hydra
  9403 | D:8      | Reached skill level 7 in Spellcasting
  9403 | D:8      | Reached skill level 5 in Conjurations
  9660 | D:8      | Found a hide-covered altar of Uskayaw.
  9842 | D:8      | Reached *** piety under Vehumet
  9990 | D:8      | Learned a level 5 spell: Freezing Cloud
  9996 | D:8      | Learned a level 5 spell: Lee's Rapid Deconstruction
 10181 | D:9      | Found a glowing silver altar of Zin.
 10426 | D:9      | Offered knowledge of Inner Flame by Vehumet.
 10481 | D:9      | Found a stormy altar of Qazlal.
 10929 | D:9      | Reached **** piety under Vehumet
 11533 | D:10     | Entered Level 10 of the Dungeon
 11591 | D:10     | Offered knowledge of Iskenderun's Battlesphere by Vehumet.
 11718 | D:10     | Found a staircase to the Lair.
 11721 | D:10     | Found a sparkling altar of Nemelex Xobeh.
 12095 | D:10     | Reached skill level 8 in Spellcasting
 12095 | D:10     | Reached skill level 5 in Earth Magic
 12135 | D:10     | Learned a level 5 spell: Iskenderun's Battlesphere
 12261 | Lair:1   | Entered Level 1 of the Lair of Beasts
 12366 | Lair:1   | You fall into a shaft and drop 1 floor!
 12372 | Lair:2   | Reached XP level 12. HP: 86/86 MP: 9/24
 12507 | Lair:2   | Reached skill level 5 in Ice Magic
 12590 | Lair:2   | Reached ***** piety under Vehumet
 12659 | Lair:1   | Offered knowledge of Iron Shot by Vehumet.
 13038 | Lair:1   | Noticed a boulder beetle
 13046 | Lair:1   | Killed a boulder beetle
 13165 | Lair:1   | Reached skill level 9 in Spellcasting
 13176 | Lair:1   | Learned a level 6 spell: Iron Shot
 13596 | Lair:1   | Found a runed translucent door.
 13597 | Lair:1   | Found a shimmering altar of Xom.
 13597 | Lair:1   | Noticed Kaece's ghost (novice TeFE)
 13598 | Lair:1   | Noticed a +0 broad axe of chaos
 13793 | Lair:1   | Killed Kaece's ghost
 13796 | Lair:1   | Killed a +0 broad axe of chaos
 13899 | Lair:1   | Reached XP level 13. HP: 68/92 MP: 21/26
 14219 | Lair:2   | Reached skill level 1 in Summonings
 14743 | Lair:3   | Found a staircase to the Shoals.
 14745 | Lair:3   | Noticed a catoblepas
 14748 | Lair:3   | Reached skill level 5 in Shields
 14751 | Lair:3   | Killed a catoblepas
 14876 | Lair:3   | Found a white marble altar of Elyvilon.
 14948 | Lair:3   | Noticed Sonja
 14949 | Lair:3   | Killed Sonja
 15430 | Lair:3   | Found a hole to the Spider Nest.
 16399 | Lair:4   | Reached skill level 10 in Spellcasting
 16562 | Lair:4   | Found a runed translucent door.
 17069 | Lair:5   | Entered Level 5 of the Lair of Beasts
 17080 | Lair:5   | Offered knowledge of Irradiate by Vehumet.
 17081 | Lair:5   | Reached XP level 14. HP: 103/103 MP: 18/28
 17135 | Lair:5   | Learned a level 5 spell: Irradiate
 17328 | Lair:5   | Reached skill level 1 in Transmutations
 17712 | Lair:5   | Found a staircase to the Slime Pits.
 17712 | Lair:5   | Found a viscous altar of Jiyva.
 17907 | Lair:5   | Reached skill level 5 in Summonings
 18634 | Lair:5   | Offered knowledge of Arcjolt by Vehumet.
 19284 | Lair:5   | Reached skill level 5 in Stealth
 19926 | D:11     | Reached XP level 15. HP: 110/110 MP: 29/29
 20186 | D:11     | Reached skill level 11 in Spellcasting
 20227 | D:11     | Learned a level 7 spell: Spellforged Servitor
 20316 | D:11     | Found Ridghaje's Magic Scroll Emporium.
 20319 | D:11     | Bought a scroll of identify for 24 gold pieces
 20319 | D:11     | Bought a scroll of identify for 24 gold pieces
 20319 | D:11     | Bought a scroll of blinking for 90 gold pieces
 20319 | D:11     | Bought a scroll of identify for 24 gold pieces
 20319 | D:11     | Bought a scroll of identify for 24 gold pieces
 20319 | D:11     | Bought a scroll of enchant armour for 90 gold pieces
 20518 | D:11     | Reached skill level 10 in Conjurations
 20670 | D:12     | Found a frozen archway.
 20689 | IceCv    | Entered an ice cave
 20864 | IceCv    | Reached skill level 10 in Earth Magic
 20946 | IceCv    | Noticed a reaper
 20955 | IceCv    | Killed a reaper
 20967 | IceCv    | Found the +4 skin of Zhor {*Englaciate rC+++ SInv}
 21211 | D:12     | Noticed Jorgrun
 21431 | D:12     | Killed Jorgrun
 21480 | D:12     | Noticed Josephine
 21484 | D:12     | Killed Josephine
 21640 | D:12     | Reached ****** piety under Vehumet
 22020 | D:12     | Offered knowledge of Eringya's Noxious Bog by Vehumet.
 22023 | D:12     | Reached skill level 10 in Summonings
 22141 | D:12     | Found the +6 shillelagh "Devastator" {shatter}
 22279 | D:12     | Noticed a sphinx
 22281 | D:12     | Killed a sphinx
 22478 | D:12     | Reached XP level 16. HP: 105/118 MP: 17/31
 22828 | D:12     | Found a staircase to the Orcish Mines.
 23176 | Orc:1    | Entered Level 1 of the Orcish Mines
 23780 | Orc:2    | Entered Level 2 of the Orcish Mines
 23780 | Orc:2    | Found a shimmering altar of Xom.
 23786 | Orc:2    | Noticed Maurice
 23789 | Orc:2    | Killed Maurice
 24004 | Orc:2    | Offered knowledge of Conjure Ball Lightning by Vehumet.
 24204 | Orc:2    | Found Gigremo's General Store.
 24211 | Orc:2    | Bought a potion of degeneration for 11 gold pieces
 24225 | Orc:2    | Found Quump's Jewellery Shop.
 24257 | Orc:2    | Found Omniamom's Antique Weapon Shop.
 24264 | Orc:2    | Bought a masterwork shortbow for 168 gold pieces
 24264 | Orc:2    | Identified the +3 shortbow "Xeataroi" {elec, rN+ Dex+5}
                  | (You bought it in a shop on level 2 of the Orcish Mines)
 24303 | Orc:2    | Found Adiud's Antique Armour Shop.
 24309 | Orc:2    | Bought an encrusted orb for 476 gold pieces
 24309 | Orc:2    | Identified the orb of Muedwicu {*channel, rElec rPois
                  | Int-2} (You bought it in a shop on level 2 of the Orcish
                  | Mines)
 24468 | Orc:2    | Found a runed translucent gate.
 24468 | Orc:2    | Found a runed translucent gate.
 24479 | Orc:2    | Found a staircase to the Elven Halls.
 24479 | Orc:2    | Noticed wingedge's ghost (journeyman DgWn)
 24480 | Orc:2    | Found a runed translucent gate.
 24488 | Orc:2    | Killed wingedge's ghost
 24924 | D:13     | Reached skill level 12 in Spellcasting
 25018 | D:13     | Found Gebi's Changing Room.
 25038 | D:13     | Found Qaysaeg's Magic Scroll Shop.
 25107 | D:13     | Found a runed translucent gate.
 25107 | D:13     | Found a runed translucent gate.
 25107 | D:13     | Found a runed translucent gate.
 25107 | D:13     | Noticed fleet's ghost (journeyman KoBr)
 25184 | D:13     | Killed fleet's ghost
 25718 | D:13     | Offered knowledge of Ozocubu's Refrigeration by Vehumet.
 25787 | D:13     | Found a gate to the Vaults.
 26045 | D:14     | Reached XP level 17. HP: 125/125 MP: 27/33
 26062 | D:14     | Reached skill level 13 in Spellcasting
 26119 | D:14     | Learned a level 7 spell: Ozocubu's Refrigeration
 26421 | D:14     | Found Mukul's Distillery.
 26429 | D:14     | Bought a potion of haste for 150 gold pieces
 26429 | D:14     | Bought a potion of brilliance for 60 gold pieces
 26429 | D:14     | Bought a potion of cancellation for 120 gold pieces
 27023 | D:15     | Entered Level 15 of the Dungeon
 27214 | D:15     | Noticed Azrael
 27218 | D:15     | Killed Azrael
 27354 | D:15     | Found Naskee's Antique Weapon Emporium.
 27570 | D:15     | Found a staircase to the Depths.
 27788 | D:15     | Offered knowledge of Maxwell's Capacitive Coupling by
                  | Vehumet.
 28227 | Spider:1 | Entered Level 1 of the Spider Nest
 28233 | Spider:1 | Reached skill level 5 in Armour
 28255 | Spider:1 | Reached skill level 5 in Dodging
 29270 | Spider:2 | Reached XP level 18. HP: 134/134 MP: 24/35
 29272 | Spider:2 | Offered knowledge of Fire Storm by Vehumet.
 29272 | Spider:2 | Offered knowledge of Shatter by Vehumet.
 29272 | Spider:2 | Offered knowledge of Polar Vortex by Vehumet.
 29370 | Spider:2 | Learned a level 3 spell: Ozocubu's Armour
 29448 | Spider:2 | Noticed Arachne
 29464 | Spider:2 | Slain by a pharaoh ant

Illustrated notes

Levels and vault maps discovered:
D:1:      dpeg_arrival_rooms_c, layout_loops_cross, minmay_misc_feat_ornament,
          chequers_decorated_corner, minivault_19, minmay_rat_gold_closets
D:2:      layout_rooms, serial_bayou_ford_a
D:3:      layout_loops_corners, mainiacjoe_overflow_large_starburst,
          vehumet_crystals, kennysheep_generic_room_11
D:4:      layout_loops_cross, uniq_edmund
D:5:      layout_basic, lemuel_crystal_altar
D:6:      lemuel_ice_spiral_2, layout_basic, nicolae_ashenzari_skybound,
          minmay_temple_entry_hall, serial_shops, shop
D:7:      layout_basic, mainiacjoe_overflow_brackets, st_stairs_4
D:8:      minmay_curly_fans, layout_basic, mainiacjoe_overflow_alcove_1,
          enter_bailey_5, hangedman_abyss_or_decor_lesser_grid, st_stairs_11,
          dreamdust_princess_bridge
D:9:      layout_basic, mainiacjoe_overflow_catwalk,
          nicolae_overflow_crystal_walls, nicolae_zen_rock_garden,
          kennysheep_generic_room_15
D:10:     layout_roguey, amcnicky_altar_gilded, lair_entry_dummy
D:11:     cheibrodos_statue_roulette, layout_irregular_city, serial_shops,
          nicolae_shop_tiny_real_fake_doors
D:12:     nzn_winding_woodlands_stair_cross [nzn_winding_woodlands_5x15_cabin,
          nzn_winding_woodlands_center_triple_pond,
          nzn_winding_woodlands_5x15_sawtooth, nzn_winding_woodlands_5x5_three,
          nzn_winding_woodlands_5x5_default,
          nzn_winding_woodlands_5x15_pathside_ponds,
          nzn_winding_woodlands_center_lodge,
          nzn_winding_woodlands_5x15_jagged], layout_rooms,
          minmay_orc_entry_temple_small, gauntlet_entry_generic,
          portal_ice_cave_rime, eino_jars, uniq_josephine, uniq_jorgrun
D:13:     gargoyle_guard, layout_cave_pools, david_vaults_5,
          gammafunk_ghost_nasty_kobolds, serial_shops, shop,
          nicolae_transmutations_shop
D:14:     layout_basic, serial_shops, shop
D:15:     hangedman_depths_entry_try_elsewhere_first, layout_long_grid,
          roderic_filled_cross, serial_shops, nicolae_shop_advertising_works
          [nicolae_subvault_shop_adworks], uniq_azrael
Temple:   nicolae_temple_no_exploring_needed
Lair:1:   beast_lair_carwin_large_2, layout_chaotic_city, ebering_ghost_xom
Lair:2:   layout_big_grid, lemuel_fruit_tree, grunt_megastairs_4,
          serial_bayou_shore_b, infiniplex_staircase_pool_2,
          lemuel_fruit_fields, serial_bayou_shore_b
Lair:3:   layout_loops_ring, minmay_shoals_entry_beasts,
          nicolae_spider_entry_non_spiders, basic_altar, nicolae_lair_lil_pond,
          uniq_sonja
Lair:4:   layout_gridlike, serial_bayou, serial_bayou_shore_b,
          serial_bayou_pond_a, serial_bayou_pond_d, serial_bayou_crossing,
          pdpol_lair_cabin_in_the_woods
Lair:5:   hangedman_lair_caniforms_friends, layout_small_grid,
          guppyfry_lair_end_dragon, minmay_slime_entry_pillars,
          serial_bayou_lake_a
Spider:1: layout_spider_delve, hellmonk_deceptive_appearances
Spider:2: layout_spider_delve, uniq_arachne
Orc:1:    layout_caves
Orc:2:    grunt_orc_cross, layout_diamond_mine, ebering_ghost_rock_garden,
          basic_altar, uniq_maurice

Skill      XL: |  1  2  3  4  5  6  7  8  9 10 11 12 13 14 15 16 17 |
---------------+----------------------------------------------------+-----
Throwing       | 2 3 4 |  4.0
Fighting       | 1 2 3 4 5 7 8 9 |  9.9
Stealth        | 2 3 5 |  5.0
Armour         | 1 2 3 4 5 |  5.9
Spellcasting   | 3 4 5 6 8 9 10 11 12 13 | 13.8
Air Magic      | 2 3 4 5 6 |  6.0
Poison Magic   | 2 4 5 6 |  6.4
Earth Magic    | 3 4 5 6 8 9 10 | 10.0
Conjurations   | 1 2 4 6 7 8 9 10 12 | 12.6
Shields        | 3 4 5 |  5.0
Necromancy     | 5 6 |  6.0
Ice Magic      | 1 4 6 7 |  7.4
Dodging        | 2 4 5 |  5.7
Summonings     | 4 5 10 11 | 11.9
Transmutations | 4 |  4.0
Unarmed Combat | |  1.0
Evocations     | |  1.0

Action                     |  1- 3 |  4- 6 |  7- 9 | 10-12 | 13-15 | 16-18 || total
---------------------------+-------+-------+-------+-------+-------+-------++-------
  Melee: Dagger            |     5 |       |       |       |       |       ||     5
         Mace              |    10 |       |       |       |       |       ||    10
         Falchion          |       |     3 |       |       |       |       ||     3
         Spear             |       |     3 |       |       |       |       ||     3
         Punch             |       |     1 |       |       |       |       ||     1
         Flail             |       |     8 |    68 |    19 |       |       ||    95
         Staff             |       |       |       |     1 |     7 |       ||     8
         War axe           |       |       |       |       |     7 |       ||     7
         Shillelagh        |       |       |       |       |     3 |    11 ||    14
         Broad axe         |       |       |       |       |       |     5 ||     5
  Throw: Boomerang         |     8 |    31 |       |       |       |       ||    39
         Javelin           |       |    11 |    24 |       |       |       ||    35
   Cast: Necrotise         |    59 |    91 |    80 |    10 |       |       ||   240
         Poisonous Vapours |       |       |    95 |    92 |    31 |     8 ||   226
         Cigotuvi's Dreadf |       |       |     6 |     1 |       |       ||     7
         Sandblast         |       |       |    56 |    48 |    57 |    31 ||   192
         Vampiric Draining |       |       |    30 |    45 |     7 |       ||    82
         Mephitic Cloud    |       |       |     4 |    17 |       |       ||    21
         Freezing Cloud    |       |       |       |    44 |    83 |    66 ||   193
         Static Discharge  |       |       |       |    10 |     7 |       ||    17
         Lee's Rapid Decon |       |       |       |    22 |    41 |    30 ||    93
         Iskenderun's Batt |       |       |       |    14 |    43 |    26 ||    83
         Iron Shot         |       |       |       |       |   176 |   163 ||   339
         Irradiate         |       |       |       |       |    10 |     4 ||    14
         Spellforged Servi |       |       |       |       |     2 |    38 ||    40
         Ozocubu's Armour  |       |       |       |       |       |     2 ||     2
  Evoke: Wand              |       |       |     3 |     2 |       |       ||     5
    Use: Potion            |       |     2 |     2 |       |       |     6 ||    10
         Scroll            |       |       |     8 |    10 |    14 |     7 ||    39
   Stab: Sleeping          |     3 |       |     1 |       |       |       ||     4
         Paralysed         |       |       |     6 |       |       |       ||     6
         Confused          |       |       |     1 |       |       |       ||     1
 Armour: Leather armour    |     5 |     8 |    96 |    10 |       |       ||   119
         Skin              |       |    16 |       |       |       |       ||    16
         Ring mail         |       |    11 |       |       |       |       ||    11
         Robe              |       |       |       |    16 |    25 |       ||    41
         Animal skin       |       |       |       |       |       |    45 ||    45
  Dodge: Dodged            |     6 |    24 |    76 |    58 |    57 |    74 ||   295
         Repelled          |       |       |       |       |     3 |     2 ||     5
  Block: Buckler           |       |       |     9 |    29 |    29 |     4 ||    71
